| TOP OF THE 1ST |
|
Kingsport Cherokees batting - Pitching for Waynesboro Braves : LHP Otis Green
|
|
Pitching: LHP Otis Green
|
|
|
Batting: RHB Phillip Collins
|
0-0: Ball 1-0: Called Strike 1-1: Called Strike 1-2: Ground out 6-3 (Groundball, 6, EV 90.0 MPH)
|
|
Batting: RHB Kenneth Grant
|
0-0: Called Strike 0-1: Foul Ball, location: 2F 0-2: Strikes out looking
|
|
Batting: LHB Peter Camelo
|
0-0: Foul Ball, location: 2F 0-1: Swinging Strike 0-2: Ball 1-2: Strikes out swinging
|
| Top of the 1st over - 0 runs, 0 hits, 0 errors, 0 left on base; Kingsport 0 - Waynesboro 0 |
| BOTTOM OF THE 1ST |
|
Waynesboro Braves batting - Pitching for Kingsport Cherokees : RHP Ivan Vasquez
|
|
Pitching: RHP Ivan Vasquez
|
|
|
Batting: RHB Richie Carter
|
0-0: Ball 1-0: Called Strike 1-1: Foul Ball, location: 2F 1-2: Foul Ball, location: 2F 1-2: Fly out, F4 (Popup, 4M, EV 60.0 MPH)
|
|
Batting: RHB Sam Khalifa
|
0-0: Ball 1-0: Called Strike 1-1: Ground out U3 (Groundball, 3, EV 91.3 MPH)
|
|
Batting: RHB Gary Gill
|
0-0: Ball 1-0: Foul Ball, location: 2F 1-1: Ball 2-1: Ball 3-1: Foul Ball, location: 2F 3-2: Base on Balls
|
|
Batting: RHB Bob Calley
|
0-0: Called Strike 0-1: Ball 1-1: Hit by Pitch Gary Gill to second
|
|
Batting: RHB Rey Palacios
|
0-0: Ball 1-0: SINGLE (Line Drive, 89S, EV 95.0 MPH) Gary Gill to third Bob Calley to second Runner from 3rd tries for Home, SAFE, throw by CF to home
|
|
Batting: RHB Roberto Carrero
|
0-0: Called Strike 0-1: Fly out, F8 (Flyball, 8LD, EV 101.9 MPH)
|
| Bottom of the 1st over - 1 run, 1 hit, 0 errors, 2 left on base; Kingsport 0 - Waynesboro 1 |
| TOP OF THE 2ND |
|
Kingsport Cherokees batting - Pitching for Waynesboro Braves : LHP Otis Green
|
|
Batting: RHB Timothy Smith
|
0-0: Called Strike 0-1: Fly out, F7 (Flyball, 78S, EV 83.1 MPH)
|
|
Batting: RHB Glenn Edwards
|
0-0: SINGLE (Groundball, 6D, EV 106.9 MPH)
|
|
Batting: RHB Thomas Mohl
|
0-0: Ball 1-0: Ball 2-0: Ball 3-0: Called Strike 3-1: Called Strike 3-2: Base on Balls Glenn Edwards to second
|
|
Batting: RHB David Rooker
|
0-0: Ball Wild Pitch! Glenn Edwards to third Thomas Mohl to second 1-0: DOUBLE (Groundball, 5L, EV 100.0 MPH) Glenn Edwards scores Thomas Mohl scores
|
|
Batting: RHB Juan Castillo
|
0-0: Called Strike 0-1: Ball 1-1: Called Strike 1-2: Foul Ball, location: 2F 1-2: Ball 2-2: Strikes out swinging
|
|
Batting: RHB Jose Sanchez
|
0-0: Ball 1-0: Ground out 6-3 (Groundball, 6M, EV 84.4 MPH)
|
| Top of the 2nd over - 2 runs, 2 hits, 0 errors, 1 left on base; Kingsport 2 - Waynesboro 1 |
| BOTTOM OF THE 2ND |
|
Waynesboro Braves batting - Pitching for Kingsport Cherokees : RHP Ivan Vasquez
|
|
Batting: RHB Scott Skripko
|
0-0: Called Strike 0-1: Swinging Strike 0-2: Strikes out looking
|
|
Batting: RHB Juan Velazquez
|
0-0: Foul Ball, location: 2F 0-1: Ball 1-1: Ground out 4-3 (Groundball, 4S, EV 70.6 MPH)
|
|
Batting: RHB Andres Amoros
|
0-0: Swinging Strike 0-1: Ball 1-1: Ball 2-1: Foul Ball, location: 2F 2-2: Strikes out looking
|
| Bottom of the 2nd over - 0 runs, 0 hits, 0 errors, 0 left on base; Kingsport 2 - Waynesboro 1 |
| TOP OF THE 3RD |
|
Kingsport Cherokees batting - Pitching for Waynesboro Braves : LHP Otis Green
|
|
Batting: RHB Phillip Collins
|
0-0: Ball 1-0: Swinging Strike 1-1: Ball 2-1: Foul Ball, location: 2F 2-2: Foul Ball, location: 2F 2-2: Strikes out swinging
|
|
Batting: RHB Kenneth Grant
|
0-0: Ball 1-0: Ball 2-0: Called Strike 2-1: Ground out 6-3 (Groundball, 6, EV 90.6 MPH)
|
|
Batting: LHB Peter Camelo
|
0-0: Ball 1-0: SINGLE (Line Drive, 34D, EV 95.0 MPH)
|
|
Batting: RHB Timothy Smith
|
0-0: Ball 1-0: Called Strike 1-1: Called Strike 1-2: Strikes out swinging
|
| Top of the 3rd over - 0 runs, 1 hit, 0 errors, 1 left on base; Kingsport 2 - Waynesboro 1 |
| BOTTOM OF THE 3RD |
|
Waynesboro Braves batting - Pitching for Kingsport Cherokees : RHP Ivan Vasquez
|
|
Batting: RHB Richie Carter
|
0-0: Ball 1-0: Ball 2-0: Swinging Strike 2-1: SINGLE (Groundball, P, EV 83.8 MPH) (infield hit)
|
|
Batting: RHB Sam Khalifa
|
Pickoff Throw to First - Error! E1 Richie Carter to second 0-0: Ball 1-0: Foul Ball, location: 2F 1-1: Ground out 6-3 (Groundball, 6, EV 100.0 MPH)
|
|
Batting: RHB Gary Gill
|
0-0: Ball 1-0: Ball 2-0: Ball 3-0: Foul Ball, location: 2F 3-1: Base on Balls
|
|
Batting: RHB Bob Calley
|
0-0: Called Strike 0-1: Called Strike 0-2: Foul Ball, location: 2F 0-2: Strikes out looking
|
|
Batting: RHB Rey Palacios
|
0-0: Ground out 4-3 (Groundball, 4S, EV 70.6 MPH)
|
| Bottom of the 3rd over - 0 runs, 1 hit, 1 error, 2 left on base; Kingsport 2 - Waynesboro 1 |
| TOP OF THE 4TH |
|
Kingsport Cherokees batting - Pitching for Waynesboro Braves : LHP Otis Green
|
|
Batting: RHB Glenn Edwards
|
0-0: Ball 1-0: Ball 2-0: Ball 3-0: Called Strike 3-1: Base on Balls
|
|
Batting: RHB Thomas Mohl
|
0-0: Ball 1-0: Fly out, F2 (Popup, 23F, EV 85.6 MPH)
|
|
Batting: RHB David Rooker
|
0-0: Ball 1-0: Foul Ball, location: 2F 1-1: Swinging Strike 1-2: Strikes out swinging
|
|
Batting: RHB Juan Castillo
|
0-0: Foul Ball, location: 2F 0-1: Ball 1-1: Ball 2-1: SINGLE (Groundball, 56S, EV 72.5 MPH) (infield hit) Glenn Edwards to second
|
|
Batting: RHB Jose Sanchez
|
0-0: Called Strike 0-1: 3-RUN HOME RUN (Flyball, 9D, EV 108.8 MPH), Distance : 385 ft
|
|
Batting: RHB Phillip Collins
|
0-0: Ball 1-0: Ball 2-0: Ball 3-0: Base on Balls
|
|
Batting: RHB Kenneth Grant
|
0-0: Called Strike 0-1: Foul Ball, location: 2F 0-2: Ball Phillip Collins steals 2nd base 1-2: Ball 2-2: Strikes out swinging
|
| Top of the 4th over - 3 runs, 2 hits, 0 errors, 1 left on base; Kingsport 5 - Waynesboro 1 |
| BOTTOM OF THE 4TH |
|
Waynesboro Braves batting - Pitching for Kingsport Cherokees : RHP Ivan Vasquez
|
|
Batting: RHB Roberto Carrero
|
0-0: Called Strike 0-1: Ground out 3-1 (Groundball, 34, EV 90.0 MPH)
|
|
Batting: RHB Scott Skripko
|
0-0: Called Strike 0-1: Ball 1-1: Called Strike 1-2: SINGLE (Groundball, 4MD, EV 103.1 MPH)
|
|
Batting: RHB Juan Velazquez
|
0-0: Ball 1-0: Called Strike 1-1: Ground out 4-3 (Groundball, 4S, EV 69.4 MPH) Scott Skripko to second
|
|
Batting: RHB Andres Amoros
|
0-0: SINGLE (Groundball, 6MD, EV 103.1 MPH) Scott Skripko to third Runner from 3rd tries for Home, SAFE, throw by CF to home
|
|
Batting: RHB Richie Carter
|
0-0: Ball 1-0: Ball 2-0: Ball 3-0: Called Strike 3-1: Called Strike 3-2: Foul Ball, location: 2F 3-2: Ground out 4-3 (Groundball, 4, EV 82.5 MPH)
|
| Bottom of the 4th over - 1 run, 2 hits, 0 errors, 1 left on base; Kingsport 5 - Waynesboro 2 |
| TOP OF THE 5TH |
|
Kingsport Cherokees batting - Pitching for Waynesboro Braves : LHP Otis Green
|
|
Batting: LHB Peter Camelo
|
0-0: Fly out, F9 (Flyball, 89XD, EV 88.1 MPH)
|
|
Batting: RHB Timothy Smith
|
0-0: Called Strike 0-1: Ball 1-1: Ball 2-1: Called Strike 2-2: Strikes out swinging, 2-3 out at first.
|
|
Batting: RHB Glenn Edwards
|
0-0: Ground out 1-3 (Groundball, P, EV 74.4 MPH)
|
| Top of the 5th over - 0 runs, 0 hits, 0 errors, 0 left on base; Kingsport 5 - Waynesboro 2 |
| BOTTOM OF THE 5TH |
|
Waynesboro Braves batting - Pitching for Kingsport Cherokees : RHP Ivan Vasquez
|
|
Batting: RHB Sam Khalifa
|
0-0: Called Strike 0-1: Ball 1-1: Fly out, F8 (Flyball, 8LM, EV 86.3 MPH)
|
|
Batting: RHB Gary Gill
|
0-0: Called Strike 0-1: Ball 1-1: Swinging Strike 1-2: Foul Ball, location: 2F 1-2: Foul Ball, location: 2F 1-2: Ball 2-2: Ball 3-2: Base on Balls
|
|
Batting: RHB Bob Calley
|
0-0: SINGLE (Groundball, 6MS, EV 81.9 MPH) (infield hit) Gary Gill to second
|
|
Batting: RHB Rey Palacios
|
0-0: Called Strike 0-1: Swinging Strike 0-2: Grounds into double play, 4-6-3 (Groundball, 34, EV 82.5 MPH)
|
| Bottom of the 5th over - 0 runs, 1 hit, 0 errors, 1 left on base; Kingsport 5 - Waynesboro 2 |
| TOP OF THE 6TH |
|
Kingsport Cherokees batting - Pitching for Waynesboro Braves : LHP Otis Green
|
|
Batting: RHB Thomas Mohl
|
0-0: Called Strike 0-1: Ball 1-1: Ball 2-1: Ground out 4-3 (Groundball, 4, EV 90.6 MPH)
|
|
Batting: RHB David Rooker
|
0-0: TRIPLE (Groundball, 3L, EV 106.3 MPH)
|
|
Batting: RHB Juan Castillo
|
0-0: Intentional Walk
|
|
Batting: RHB Jose Sanchez
|
0-0: Ball 1-0: Ball 2-0: Called Strike 2-1: Ball 3-1: Called Strike 3-2: Fly out, F8 (Flyball, 8LD, EV 83.8 MPH) Runner from 3rd tags up, SCORES, throw by CF
|
|
Batting: RHB Phillip Collins
|
0-0: Ball 1-0: Foul Ball, location: 2F 1-1: Foul Ball, location: 2F 1-2: Ground out 4-3 (Groundball, 4, EV 88.1 MPH)
|
| Top of the 6th over - 1 run, 1 hit, 0 errors, 1 left on base; Kingsport 6 - Waynesboro 2 |
| BOTTOM OF THE 6TH |
|
Waynesboro Braves batting - Pitching for Kingsport Cherokees : RHP Ivan Vasquez
|
|
Batting: RHB Roberto Carrero
|
0-0: Ball 1-0: SINGLE (Line Drive, 7LM, EV 107.5 MPH)
|
|
Batting: RHB Scott Skripko
|
0-0: Ball 1-0: Swinging Strike 1-1: SINGLE (Line Drive, 8RS, EV 96.9 MPH) Roberto Carrero to second Runner from 2nd tries for 3rd, SAFE, no throw by CF
|
|
Batting: RHB Juan Velazquez
|
0-0: Called Strike 0-1: DOUBLE (Line Drive, 78M, EV 95.0 MPH) Roberto Carrero scores Scott Skripko to third Runner from 3rd tries for Home, SAFE, throw by CF to trailing runner, OUT at third! 8-3-5
|
|
Batting: RHB Andres Amoros
|
0-0: Swinging Strike 0-1: Fly out, F4 (Flyball, 4MD, EV 81.3 MPH)
|
|
Batting: RHB Richie Carter
|
0-0: Ball 1-0: Ground out U3 (Groundball, 34, EV 88.1 MPH)
|
| Bottom of the 6th over - 2 runs, 3 hits, 0 errors, 0 left on base; Kingsport 6 - Waynesboro 4 |
| TOP OF THE 7TH |
|
Kingsport Cherokees batting - Pitching for Waynesboro Braves : LHP Otis Green
|
|
Batting: RHB Kenneth Grant
|
0-0: Ball 1-0: Ball 2-0: Called Strike 2-1: Ball 3-1: Reached on error, E9 (Line Drive, 9, EV 110.0 MPH)
|
|
Batting: LHB Peter Camelo
|
0-0: Called Strike 0-1: Ball 1-1: Ground out 2-3 (Groundball, 2L, EV 70.0 MPH) Kenneth Grant to third
|
|
Batting: RHB Timothy Smith
|
0-0: Intentional Walk
|
|
Batting: RHB Glenn Edwards
|
0-0: Ball 1-0: Fielders Choice at 2nd, 6-4 (Groundball, 6, EV 78.8 MPH) Kenneth Grant scores
|
|
Batting: RHB Thomas Mohl
|
0-0: Ball 1-0: Ball 2-0: Called Strike 2-1: Swinging Strike 2-2: Strikes out swinging
|
| Top of the 7th over - 1 run, 0 hits, 1 error, 1 left on base; Kingsport 7 - Waynesboro 4 |
| BOTTOM OF THE 7TH |
|
Waynesboro Braves batting - Pitching for Kingsport Cherokees : RHP Ivan Vasquez
|
|
Batting: RHB Sam Khalifa
|
0-0: Called Strike 0-1: Fly out, F8 (Flyball, 8LM, EV 83.8 MPH)
|
|
Batting: RHB Gary Gill
|
0-0: Called Strike 0-1: Foul Ball, location: 2F 0-2: Foul Ball, location: 2F 0-2: Strikes out swinging
|
|
Batting: RHB Bob Calley
|
0-0: Called Strike 0-1: Ball 1-1: Ball 2-1: Ball 3-1: Fly out, F8 (Flyball, 8LD, EV 103.8 MPH)
|
| Bottom of the 7th over - 0 runs, 0 hits, 0 errors, 0 left on base; Kingsport 7 - Waynesboro 4 |
| TOP OF THE 8TH |
|
Kingsport Cherokees batting - Pitching for Waynesboro Braves : LHP Otis Green
|
|
Batting: RHB David Rooker
|
0-0: Ball 1-0: Ball 2-0: Ball 3-0: Called Strike 3-1: Called Strike 3-2: DOUBLE (Flyball, 89XD, EV 105.0 MPH)
|
|
Batting: RHB Juan Castillo
|
0-0: Intentional Walk
|
|
Batting: RHB Jose Sanchez
|
0-0: Bunted foul 0-1: Sac Bunt to 15S - play at first, batter OUT! 1-4 David Rooker to third Juan Castillo to second
|
|
Batting: RHB Phillip Collins
|
0-0: Intentional Walk
|
|
Batting: RHB Kenneth Grant
|
0-0: Ball 1-0: Called Strike 1-1: Grounds into double play, 6-2-3 (Groundball, 6, EV 89.4 MPH)
|
| Top of the 8th over - 0 runs, 1 hit, 0 errors, 2 left on base; Kingsport 7 - Waynesboro 4 |
| BOTTOM OF THE 8TH |
|
Waynesboro Braves batting - Pitching for Kingsport Cherokees : RHP Ivan Vasquez
|
|
Batting: RHB Rey Palacios
|
0-0: Ball 1-0: Called Strike 1-1: Ball 2-1: Reached on error, E6 (Groundball, 6, EV 86.3 MPH)
|
|
Batting: RHB Roberto Carrero
|
0-0: Fly out, F5 (Popup, 25F, EV 78.1 MPH)
|
|
Batting: RHB Scott Skripko
|
0-0: Ball 1-0: Ball 2-0: Fielders Choice at 2nd, 6-4 (Groundball, 6MS, EV 78.1 MPH)
|
|
Batting: RHB Juan Velazquez
|
0-0: Ball 1-0: Called Strike 1-1: SINGLE (Groundball, 6MD, EV 101.3 MPH) Scott Skripko to second Runner from 2nd tries for 3rd, SAFE, no throw by CF
|
|
Batting: RHB Andres Amoros
|
0-0: Fly out, F7 (Flyball, 7LS, EV 83.1 MPH)
|
| Bottom of the 8th over - 0 runs, 1 hit, 1 error, 2 left on base; Kingsport 7 - Waynesboro 4 |
| TOP OF THE 9TH |
|
Kingsport Cherokees batting - Pitching for Waynesboro Braves : LHP Otis Green
|
|
Batting: LHB Peter Camelo
|
0-0: Ball 1-0: Foul Ball, location: 2F 1-1: SINGLE (Flyball, 6D, EV 91.9 MPH)
|
|
Batting: RHB Timothy Smith
|
0-0: Ball 1-0: Called Strike 1-1: Ball 2-1: Ball 3-1: SINGLE (Line Drive, 8LS, EV 108.1 MPH) Peter Camelo to second
|
|
Batting: RHB Glenn Edwards
|
0-0: Foul Ball, location: 2F 0-1: Ball 1-1: Ball 2-1: Called Strike 2-2: Ball 3-2: Base on Balls Peter Camelo to third Timothy Smith to second
|
|
Batting: RHB Thomas Mohl
|
0-0: Foul Ball, location: 2F 0-1: Called Strike 0-2: Strikes out looking
|
|
Batting: RHB David Rooker
|
0-0: Ball 1-0: SINGLE (Groundball, 56, EV 106.9 MPH) Peter Camelo scores Timothy Smith to third Glenn Edwards to second Runner from 3rd tries for Home, SAFE, throw by LF to home
|
|
Pitching: RHP Brent Wittmayer
|
|
|
Batting: RHB Juan Castillo
|
0-0: 3-RUN HOME RUN (Flyball, 8LXD, EV 106.9 MPH), Distance : 444 ft
|
|
Batting: RHB Jose Sanchez
|
0-0: Foul Ball, location: 2F 0-1: Fly out, F8 (Line Drive, 8RM, EV 90.0 MPH)
|
|
Batting: RHB Phillip Collins
|
0-0: Ball 1-0: Swinging Strike 1-1: Ball 2-1: Ball 3-1: Called Strike 3-2: Ground out 6-3 (Groundball, 6M, EV 96.3 MPH)
|
| Top of the 9th over - 5 runs, 4 hits, 0 errors, 0 left on base; Kingsport 12 - Waynesboro 4 |
| BOTTOM OF THE 9TH |
|
Waynesboro Braves batting - Pitching for Kingsport Cherokees : RHP Ivan Vasquez
|
|
Batting: RHB Richie Carter
|
0-0: Swinging Strike 0-1: Hit by Pitch
|
|
Pitching: LHP Harley Woody
|
|
|
Pinch Hitting: RHB Kenneth Proctor
|
0-0: Ball 1-0: Swinging Strike 1-1: Ball 2-1: Ball 3-1: Foul Ball, location: 2F 3-2: Fly out, F5 (Popup, 15, EV 81.9 MPH)
|
|
Batting: RHB Gary Gill
|
0-0: Ball 1-0: Ball 2-0: Called Strike 2-1: Ball 3-1: Base on Balls Richie Carter to second
|
|
Pinch Hitting: RHB Danny Chapa
|
0-0: Ball 1-0: Ball 2-0: Ball 3-0: Base on Balls Richie Carter to third Gary Gill to second
|
|
Batting: RHB Rey Palacios
|
0-0: Called Strike 0-1: Fly out, F3 (Popup, 3F, EV 64.4 MPH)
|
|
Batting: RHB Roberto Carrero
|
0-0: Called Strike 0-1: Foul Ball, location: 2F 0-2: Foul Ball, location: 2F 0-2: Ball 1-2: Foul Ball, location: 2F 1-2: Strikes out swinging
|
| Bottom of the 9th over - 0 runs, 0 hits, 0 errors, 3 left on base; Kingsport 12 - Waynesboro 4 |
|